 Dungeon Crawl Stone Soup version 0.21-a0-95-g06f091e (webtiles) character file.

115237 MatthieuS the Thaumaturge (level 16, -5/100 (101) HPs)
             Began as a Deep Elf Conjurer on July 3, 2017.
             Was the Champion of Vehumet.
             Shot with a bolt by a yaktaur (23 damage)
             ... on level 15 of the Dungeon on July 4, 2017.
             The game lasted 04:37:10 (29035 turns).

MatthieuS the Thaumaturge (Deep Elf Conjurer)      Turns: 29035, Time: 04:37:11

HP:   -5/100 (101)  AC: 16    Str:  9    XL:     16   Next: 18%
MP:   37/45         EV: 21    Int: 24    God:    Vehumet [******]
Gold: 1943          SH:  6    Dex: 15    Spells: 4/43 levels left

rFire    . . .     SeeInvis .   p - +9 staff of Olgreb {rPois}
rCold    + . .     Gourm    .   E - +1 buckler {rC+}
rNeg     + . .     Faith    .   n - +2 robe {Archmagi}
rPois    ∞         Spirit   .   V - +2 hat
rElec    .         Reflect  .   x - +1 cloak
rCorr    .         Harm     .   s - +2 pair of gloves
MR       ++...     Clarity  +   (no boots)
Stlth    +++.......             m - amulet of magic regeneration
HPRegen  1.26/turn              M - ring "Talaaffeelu" {+Inv rN+ MR+ AC+5}
MPRegen  0.54/turn              I - ring of magical power

@: shrouded, regenerating
A: horns 1, talons 1, clarity, poison resistance
a: Renounce Religion, Evoke Invisibility


You were on level 15 of the Dungeon.
You worshipped Vehumet.
Vehumet was exalted by your worship.
You were not hungry.

You visited 4 branches of the dungeon, and saw 24 of its levels.
You also visited: Labyrinth and Ice Cave.

You collected 2610 gold pieces.
You spent 667 gold pieces at shops.

Inventory:

Hand Weapons
 p - the +9 staff of Olgreb (weapon) {rPois}
   (You found it on level 7 of the Dungeon)

   It protects you from poison.
Armour
 n - a +2 robe of the Archmagi (worn)
 s - a +2 pair of gloves (worn)
 x - a +1 cloak (worn)
 E - a +1 buckler of cold resistance (worn)
 V - a +2 hat (worn)
Magical Staves
 e - an uncursed staff of cold
Jewellery
 m - an amulet of magic regeneration (around neck)
 z - an uncursed ring of protection from fire
 B - an uncursed ring of resist corrosion
 I - a ring of magical power (right hand)
 M - the ring "Talaaffeelu" (left hand) {+Inv rN+ MR+ AC+5}
   (You took it off a minotaur in a labyrinth)

   [ring of protection]

   It affects your AC (+5).
   It protects you from negative energy.
   It affects your resistance to hostile enchantments.
   It lets you turn invisible.
 Q - an uncursed ring of ice
 R - an uncursed ring of protection from magic
Wands
 b - a wand of disintegration (9/24)
 g - a wand of confusion (13/48)
 G - a wand of acid (1/15)
 H - a wand of lightning (3/15)
 K - a wand of digging (5/24)
 L - a wand of flame (27/48)
 N - a wand of acid (6/15)
Scrolls
 a - 2 scrolls of enchant armour
 j - 3 scrolls of magic mapping
 k - 4 scrolls of remove curse
 r - a scroll of brand weapon
 v - a scroll of immolation
 w - 2 scrolls of silence
 D - 4 scrolls of recharging
 W - a scroll of blinking
Potions
 h - a potion of haste
 l - 8 potions of curing
 A - 2 potions of brilliance
 C - 2 potions of ambrosia
 F - 2 potions of heal wounds
 S - a potion of resistance
 Z - 3 potions of mutation
Books
 f - a book of Ice

   Spells                             Type                      Level
   a - Ice Form                       Ice/Transmutation            4
   b - Metabolic Englaciation         Hexes/Ice                    5
   c - Ozocubu's Refrigeration        Ice                          6
   d - Bolt of Cold                   Conjuration/Ice              6
   e - Freezing Cloud                 Conjuration/Ice/Air          6
   f - Simulacrum                     Ice/Necromancy               6
 y - a book of Air

   Spells                             Type                      Level
   a - Shock                          Conjuration/Air              1
   b - Swiftness                      Charms/Air                   2
   c - Static Discharge               Conjuration/Air              3
   d - Airstrike                      Air                          4
   e - Lightning Bolt                 Conjuration/Air              5
 J - a book of the Warp

   Spells                             Type                      Level
   a - Gell's Gravitas                Translocation                3
   b - Portal Projectile              Hexes/Translocation          3
   c - Force Lance                    Conjuration/Translocation    4
   d - Dispersal                      Translocation                6
   e - Controlled Blink               Translocation                8
   f - Disjunction                    Translocation                8
 O - a book of Maledictions

   Spells                             Type                      Level
   a - Corona                         Hexes                        1
   b - Ensorcelled Hibernation        Hexes/Ice                    2
   c - Confuse                        Hexes                        3
   d - Tukima's Dance                 Hexes                        3
   e - Dazzling Spray                 Conjuration/Hexes            3
 T - a book of Summonings

   Spells                             Type                      Level
   a - Recall                         Summoning/Translocation      3
   b - Aura of Abjuration             Summoning                    5
   c - Summon Demon                   Summoning                    5
   d - Summon Forest                  Summoning/Translocation      5
   e - Summon Mana Viper              Hexes/Summoning              5
   f - Shadow Creatures               Summoning                    6
 Y - a book of Dreams

   Spells                             Type                      Level
   a - Ensorcelled Hibernation        Hexes/Ice                    2
   b - Silence                        Hexes/Air                    5
   c - Darkness                       Hexes                        6
   d - Shadow Creatures               Summoning                    6
Miscellaneous
 d - a phial of floods
 U - a phantom mirror
 X - a crystal ball of energy
Comestibles
 c - 9 bread rations
 i - 18 royal jellies
 o - a fruit
 t - 8 meat rations


   Skills:
 + Level 11.8 Fighting
 - Level 13.1 Dodging
 - Level 6.3 Stealth
 - Level 4.0 Shields
 - Level 14.2 Spellcasting
 * Level 13.4 Conjurations
 - Level 14.0 Hexes
 - Level 9.4 Charms
   Level 1.8 Summonings
 - Level 2.4 Necromancy
 - Level 2.1 Translocations
 + Level 5.8 Fire Magic
 - Level 6.0 Ice Magic
 - Level 3.1 Poison Magic
 - Level 4.0 Evocations


You had 4 spell levels left.
You knew the following spells:

 Your Spells              Type           Power        Failure   Level  Hunger
a - Throw Frost           Conj/Ice       ######       1%          2    None
b - Metabolic Englaciati  Hex/Ice        #######...   1%          5    ##.....
c - Dazzling Spray        Conj/Hex       ######       1%          3    None
d - Fulminant Prism       Conj/Hex       #######...   1%          4    None
e - Shroud of Golubria    Chrm/Tloc      ######....   1%          2    None
f - Fireball              Conj/Fire      #######...   1%          5    ##.....
g - Regeneration          Chrm/Necr      ######....   1%          3    None
h - Force Lance           Conj/Tloc      ######..     1%          4    None
i - Ensorcelled Hibernat  Hex/Ice        ######       1%          2    None
j - Ignite Poison         Fire/Tmut/Pois ######..     1%          3    None
k - Bolt of Fire          Conj/Fire      #######...   2%          6    #####..


Dungeon Overview and Level Annotations

Branches:
Dungeon (15/15)            Temple (1/1) D:6            Lair (6/6) D:8
 Shoals (0/4) Lair:2        Snake (0/4) Lair:2        Slime (0/5) Lair:5
    Orc (2/2) D:12            Elf (0/3) Orc:2        Vaults (0/5) D:14
 Depths: D:15

Altars:
Ashenzari
Cheibriados
Dithmenos
Elyvilon
Fedhas
Gozag
Hepliaklqana
Kikubaaqudgha
Makhleb
Nemelex Xobeh
Okawaru
Qazlal
Ru
Sif Muna
Trog
Uskayaw
Vehumet
Wu Jian
Xom
Yredelemnul
Zin
The Shining One
Beogh
Jiyva

Shops:
D:9 *   D:12 *   Orc:2 [!?:[

Annotations:
D:7 1 runed door
Lair:6 Snorg


Innate Abilities, Weirdness & Mutations

You have a pair of small horns on your head.
You have sharp toenails.
You possess an exceptional clarity of mind.
Your system is resistant to poisons. (rPois)


Message History

You begin to radiate toxic energy.
You feel slightly more hungry.
The yaktaur is poisoned. x3; The yaktaur shoots a bolt.
The bolt hits you!!
The yaktaur shoots a bolt.
The bolt barely misses you.
Casting: Regeneration
Confirm with . or Enter, or press ? or * to list all spells.
You feel a strong surge of power!
You ignite the poison in your surroundings!
The yaktaur seems to burn from within!
The yaktaur is severely wounded.
The yaktaur seems to burn from within!
The yaktaur is severely wounded.
The yaktaur seems to burn from within!
The yaktaur is moderately wounded.
The yaktaur is poisoned. x3; The yaktaur shoots a bolt.
The bolt hits you!!
The yaktaur shoots a bolt.
The bolt hits you!
* * * LOW HITPOINT WARNING * * *
The yaktaur looks even sicker.
Your toxic aura wanes.
The yaktaur shoots a bolt.
The bolt hits you!!
You die...

.. ...
...###########.
.....(...(.....
.....(.........
...............
...............
.....c.@.......
...............
...............
...c.....c.....
...............
#..############
#.. ..


You could see 3 yaktaurs.

Vanquished Creatures
  Agnes (D:14)
  An orc warlord (Orc:2)
  Nessos (Lair:6)
  The ghost of Heartnet the Severer, a journeyman MiBe of Trog (Lair:2)
  2 dire elephants
  The ghost of enarc13 the Fighter, a journeyman DrTm of Uskayaw (IceCv)
  A minotaur (Lab)
  8 hydras
  2 fire dragons (D:14)
  Erolcha (Orc:2)
  4 centaur warriors (D:14)
  A merfolk avatar (Lair:6)
  2 catoblepae
  4 two-headed ogres
  2 death knights (D:14)
  A tengu warrior (D:14)
  10 death yaks
  Nergalle (Lair:1)
  An orc high priest (Orc:1)
  Sonja (D:10)
  2 skeletal warriors (D:14)
  A deep elf knight (D:14)
  A death drake (shapeshifter) (D:14)
  2 unseen horrors
  2 orc knights
  Pikel (D:6)
  2 harpies (Lair:6)
  A phantasmal warrior (D:13)
  4 cyclopes
  10 orc sorcerers
  A necromancer (IceCv)
  3 ugly things
  2 deep elf magi (D:14)
  A moth of wrath (shapeshifter) (D:14)
  2 manticores (D:14)
  17 elephants
  A merfolk siren (Lair:2)
  Joseph (Lair:1)
  22 spiny frogs
  Psyche (D:11)
  An ice statue (IceCv)
  A gargoyle (D:14)
  A black mamba (Lair:4)
  10 rime drakes
  A kobold demonologist (D:14)
  12 freezing wraiths
  17 komodo dragons
  8 trolls
  4 polar bears
  A queen bee (Lair:2)
  2 slime creatures (D:13)
  29 blink frogs
  3 merfolk (Lair:2)
  Grinder (D:3)
  A wind drake (Lair:6)
  Prince Ribbit (Lair:1)
  18 hippogriffs
  Sigmund (D:4)
  2 vampires
  A spriggan (Lair:3)
  26 yaks
  10 wyverns
  2 wraiths (D:14)
  11 basilisks
  Menkaure (D:4)
  Grum (D:10)
  A death yak simulacrum (IceCv)
  2 acid dragons (D:13)
  10 water moccasins
  3 wargs
  The ghost of jblayyy the Chiller, an amateur DEIE of Ashenzari (D:4)
  5 soldier ants
  8 porcupines
  21 orc warriors
  5 sky beasts
  5 black bears
  9 ice beasts
  An eye of draining (D:14)
  A necrophage (D:12)
  3 phantoms
  A boggart (D:14)
  20 ogres
  20 wolves
  25 centaurs
  12 crocodiles
  10 big kobolds
  16 bullfrogs
  2 gnoll sergeants (D:12)
  4 scorpions
  An elephant simulacrum (IceCv)
  41 killer bees
  2 vampire bats (Orc:2)
  9 wights
  8 howler monkeys
  4 electric eels (D:8)
  7 crimson imps
  3 bullfrog zombies
  A jelly (D:6)
  12 orc priests
  3 draconian simulacra (IceCv)
  8 hounds
  42 orc wizards
  5 centaur skeletons
  Crazy Yiuf (D:2)
  2 bullfrog skeletons
  2 iguanas
  Natasha (twice) (D:4)
  14 worker ants
  2 spriggan simulacra (IceCv)
  7 troll simulacra (IceCv)
  2 wolf simulacra (IceCv)
  3 hound skeletons
  11 gnolls
  4 naga simulacra (IceCv)
  14 adders
  4 ogre simulacra (IceCv)
  3 shadow imps
  12 white imps (IceCv)
  An adder zombie (D:8)
  2 worms
  2 dart slugs
  9 leopard geckos
  87 orcs
  4 ball pythons
  17 bats
  7 giant cockroaches
  5 goblins (D:1)
  8 hobgoblins
  3 jackals (D:7)
  4 quokkas
  4 frilled lizards
  A jackal skeleton (D:7)
  A jackal zombie (D:8)
  20 kobolds
  A quokka skeleton (D:4)
  A quokka zombie (D:8)
  3 rats (D:1)
  A bush (Lair:2)
  2 plants
886 creatures vanquished.

Vanquished Creatures (others)
  A freezing wraith (IceCv)
  An orc (D:13)
  A bush (Lair:2)
  272 fulminant prisms
  95 fungi
  54 plants
424 creatures vanquished.

Grand Total: 1310 creatures vanquished

Notes
Turn   | Place    | Note
-------+----------+-------------------------------------------
     0 | D:1      | MatthieuS the Deep Elf Conjurer began the quest for the Orb.
     0 | D:1      | Reached XP level 1. HP: 10/10 MP: 6/6
   105 | D:1      | Reached XP level 2. HP: 6/15 MP: 1/8
   482 | D:1      | Learned a level 2 spell: Searing Ray
   873 | D:1      | Reached XP level 3. HP: 19/19 MP: 8/10
   908 | D:1      | Learned a level 3 spell: Dazzling Spray
  1159 | D:2      | Reached skill level 1 in Fighting
  1159 | D:2      | Reached XP level 4. HP: 25/25 MP: 8/12
  1673 | D:2      | Learned a level 4 spell: Fulminant Prism
  1837 | D:2      | Found a white marble altar of Elyvilon.
  1837 | D:2      | Found a hide-covered altar of Uskayaw.
  1892 | D:2      | Found a runed door.
  1896 | D:2      | Noticed Crazy Yiuf
  1900 | D:2      | Killed Crazy Yiuf
  1900 | D:2      | Reached XP level 5. HP: 30/30 MP: 9/13
  2021 | D:3      | Noticed Grinder
  2031 | D:3      | Killed Grinder
  2031 | D:3      | Reached skill level 5 in Spellcasting
  2031 | D:3      | Reached skill level 5 in Conjurations
  2031 | D:3      | Reached XP level 6. HP: 11/36 MP: 5/15
  2517 | D:3      | Gained mutation: You have a pair of small horns on your head. [potion of mutation]
  2517 | D:3      | Gained mutation: Your system is resistant to poisons. (rPois) [potion of mutation]
  2517 | D:3      | Gained mutation: You possess an exceptional clarity of mind. [potion of mutation]
  2517 | D:3      | Gained mutation: You have sharp toenails. [potion of mutation]
  3035 | D:4      | Noticed jblayyy's ghost (amateur DEIE)
  3087 | D:4      | Found an ornate altar of the Wu Jian Council.
  3095 | D:4      | Reached skill level 1 in Hexes
  3095 | D:4      | Reached XP level 7. HP: 41/41 MP: 7/17
  3185 | D:4      | Noticed Sigmund
  3213 | D:5      | Entered Level 5 of the Dungeon
  3382 | D:5      | Reached skill level 5 in Stealth
  3663 | D:5      | Reached skill level 5 in Dodging
  3777 | D:5      | Reached XP level 8. HP: 18/48 MP: 17/18
  4616 | D:6      | Found a staircase to the Ecumenical Temple.
  4633 | Temple   | Entered the Ecumenical Temple
  4744 | Temple   | Became a worshipper of Vehumet
  5024 | D:6      | Reached skill level 5 in Fighting
  5065 | D:6      | Noticed Pikel
  5070 | D:6      | Killed Pikel
  5070 | D:6      | Reached skill level 5 in Hexes
  5070 | D:6      | Reached XP level 9. HP: 54/54 MP: 16/20
  5405 | D:6      | Found a glowing silver altar of Zin.
  5405 | D:6      | Found a shattered altar of Ashenzari.
  5414 | D:6      | Found a faded altar of an unknown god.
  5417 | D:6      | Found a basalt altar of Yredelemnul.
  5418 | D:6      | Found a faded altar of an unknown god.
  5616 | D:7      | Found a runed door.
  5691 | D:7      | Found a runed gate.
  5691 | D:7      | Found a runed gate.
  5752 | D:7      | Found a runed door.
  6309 | D:7      | Reached * piety under Vehumet
  6309 | D:7      | Offered knowledge of Sandblast by Vehumet.
  6372 | D:7      | Found a runed gate.
  6378 | D:7      | Learned a level 4 spell: Iskenderun's Mystic Blast
  6409 | D:7      | Reached XP level 10. HP: 44/60 MP: 9/23
  7355 | D:8      | Noticed a two-headed ogre
  7362 | D:8      | Killed a two-headed ogre
  7799 | D:9      | Offered knowledge of Freeze by Vehumet.
  7845 | D:9      | Reached ** piety under Vehumet
  7976 | D:9      | Learned a level 2 spell: Shroud of Golubria
  7980 | D:9      | Learned a level 3 spell: Regeneration
  8106 | D:9      | Found Beolay's Assorted Antiques.
  8121 | D:9      | Learned a level 4 spell: Force Lance
  8155 | D:9      | Reached skill level 1 in Charms
  8202 | D:9      | Reached skill level 1 in Necromancy
  8281 | D:9      | Learned a level 3 spell: Summon Guardian Golem
  8356 | D:9      | Found a deep blue altar of Sif Muna.
  8378 | D:9      | Noticed a two-headed ogre
  8392 | D:9      | Killed a two-headed ogre
  8392 | D:9      | Reached XP level 11. HP: 67/67 MP: 26/26
  8448 | D:10     | Entered Level 10 of the Dungeon
  8448 | D:10     | Found a radiant altar of Vehumet.
  8832 | D:10     | Learned a level 3 spell: Call Canine Familiar
  9101 | D:10     | Found a blossoming altar of Fedhas.
  9285 | D:10     | Noticed Grum
  9298 | D:10     | Killed Grum
  9354 | D:10     | Reached skill level 1 in Summonings
  9366 | D:10     | Noticed Sonja
  9374 | D:10     | Killed Sonja
  9374 | D:10     | Reached skill level 10 in Dodging
  9374 | D:10     | Reached skill level 10 in Spellcasting
  9374 | D:10     | Reached skill level 5 in Charms
  9633 | D:10     | Offered knowledge of Ignite Poison by Vehumet.
  9652 | D:10     | Learned a level 3 spell: Ignite Poison
  9944 | D:11     | Reached *** piety under Vehumet
  9989 | D:11     | Reached skill level 1 in Poison Magic
 10038 | D:11     | Noticed Psyche
 10045 | D:11     | Killed Psyche
 10048 | D:11     | Offered knowledge of Static Discharge by Vehumet.
 10270 | D:11     | Reached skill level 1 in Fire Magic
 10353 | D:11     | Reached skill level 1 in Translocations
 10620 | D:11     | Learned a level 2 spell: Ensorcelled Hibernation
 11250 | D:4      | Reached **** piety under Vehumet
 11331 | D:4      | Killed Sigmund
 11377 | D:4      | Offered knowledge of Fireball by Vehumet.
 11385 | D:4      | Learned a level 5 spell: Fireball
 11410 | D:4      | Noticed Natasha
 11427 | D:4      | Noticed Menkaure
 11435 | D:4      | Killed Natasha
 11437 | D:4      | Killed Menkaure
 11689 | D:4      | Killed jblayyy's ghost
 11699 | D:4      | Noticed Natasha
 11703 | D:4      | Killed Natasha
 11949 | D:8      | Found a staircase to the Lair.
 12418 | Lair:1   | Entered Level 1 of the Lair of Beasts
 12472 | Lair:1   | Noticed Prince Ribbit
 12474 | Lair:1   | Killed Prince Ribbit
 12474 | Lair:1   | Reached skill level 1 in Shields
 12481 | Lair:1   | Reached XP level 12. HP: 69/73 MP: 28/28
 12510 | Lair:1   | Noticed Nergalle
 12524 | Lair:1   | Killed Nergalle
 12579 | Lair:1   | Noticed Joseph
 12585 | Lair:1   | Killed Joseph
 13469 | Lair:2   | Noticed Heartnet's ghost (journeyman MiBe)
 13668 | Lair:2   | Noticed a catoblepas
 13688 | Lair:2   | Killed a catoblepas
 13923 | Lair:2   | Reached ***** piety under Vehumet
 14209 | Lair:3   | Offered knowledge of Freezing Cloud by Vehumet.
 14545 | Lair:3   | Noticed a dire elephant
 14964 | Lair:3   | Reached XP level 13. HP: 79/79 MP: 30/30
 15502 | Lair:3   | Killed a dire elephant
 15732 | Lair:3   | Reached skill level 10 in Conjurations
 16228 | Lair:4   | Reached skill level 10 in Hexes
 16810 | Lair:4   | Offered knowledge of Sticky Flame by Vehumet.
 17408 | Lair:5   | Found a viscous altar of Jiyva.
 17408 | Lair:5   | Found a staircase to the Slime Pits.
 18030 | Lair:5   | Reached XP level 14. HP: 78/86 MP: 31/31
 18114 | Lair:6   | Entered Level 6 of the Lair of Beasts
 18114 | Lair:6   | Noticed Nessos
 18168 | Lair:6   | Found a frozen archway.
 18174 | IceCv    | Entered an ice cave
 18350 | IceCv    | Noticed enarc13's ghost (journeyman DrTm)
 18358 | IceCv    | Killed enarc13's ghost
 18555 | IceCv    | Found an ancient bone altar of Kikubaaqudgha.
 18640 | IceCv    | Offered knowledge of Bolt of Cold by Vehumet.
 18833 | IceCv    | Upgraded the game from 0.21-a0-94-gdd6ab6a to 0.21-a0-95-g06f091e
 18838 | IceCv    | Learned a level 2 spell: Throw Frost
 18844 | IceCv    | Learned a level 5 spell: Metabolic Englaciation
 18877 | Lair:6   | Reached skill level 1 in Ice Magic
 19180 | Lair:6   | Killed Nessos
 20058 | Lair:6   | Reached skill level 10 in Fighting
 20403 | Lair:6   | Got ancient ice dragon scales
 20414 | Lair:6   | Identified the +1 ice dragon scales of Naxufoik {rF- rC++ rCorr Int+3 Dex+4} (You found it on level 6 of the Lair of Beasts)
 20427 | Lair:6   | Noticed Snorg
 20586 | Lair:2   | Found a staircase to the Snake Pit.
 20739 | Lair:2   | Killed Heartnet's ghost
 20865 | Lair:2   | Found a staircase to the Shoals.
 20926 | Lair:2   | Learned a level 6 spell: Bolt of Cold
 20942 | Lair:2   | Reached XP level 15. HP: 92/92 MP: 34/34
 21555 | D:12     | Found Joliad's Assorted Antiques.
 21561 | D:12     | Offered knowledge of Orb of Destruction by Vehumet.
 21798 | D:12     | Found a staircase to the Orcish Mines.
 22099 | D:12     | Bought a potion of heal wounds for 125 gold pieces
 22099 | D:12     | Bought a scroll of identify for 50 gold pieces
 22099 | D:12     | Bought a transparent sapphire amulet for 125 gold pieces
 22099 | D:12     | Identified the amulet "Hanuyhid" {+Rage Int+2} (You bought it in a shop on level 12 of the Dungeon)
 22546 | Orc:1    | Entered Level 1 of the Orcish Mines
 22931 | Orc:2    | Entered Level 2 of the Orcish Mines
 22936 | Orc:2    | Found a staircase to the Elven Halls.
 22956 | Orc:2    | Found a labyrinth entrance.
 22978 | Lab      | Entered a labyrinth
 23125 | Lab      | Got a sparkling bronze ring
 23137 | Lab      | Got a shimmering ruby amulet
 23137 | Lab      | Got a scintillating crystal amulet
 23150 | Orc:2    | Identified the ring "Talaaffeelu" {+Inv rN+ MR+ AC+5} (You took it off a minotaur in a labyrinth)
 23311 | D:9      | Bought a scroll of identify for 54 gold pieces
 23311 | D:9      | Bought a scroll of identify for 54 gold pieces
 23311 | D:9      | Identified the amulet "Kioxkap" {Harm *Drain Str-5 Int+3 Dex+4} (You found it in a labyrinth)
 23314 | D:9      | Identified the amulet "Xizusmud" {+Rage Dex+3} (You found it in a labyrinth)
 23318 | D:9      | Bought a scroll of enchant armour for 202 gold pieces
 23318 | D:9      | Bought a scroll labeled POUNIVVIFEU for 27 gold pieces
 23700 | Orc:2    | Found Erghon's Armour Shoppe.
 24116 | Orc:2    | Found Gymenout's Book Shop.
 24144 | Orc:2    | Reached skill level 5 in Ice Magic
 24147 | Orc:2    | Noticed Erolcha
 24152 | Orc:2    | Killed Erolcha
 24195 | Orc:2    | Found a radiant altar of Vehumet.
 24203 | Orc:2    | Found Mesiojuy's Distillery.
 24203 | Orc:2    | Paralysed by an orc sorcerer for 4 turns
 24214 | Orc:2    | Offered knowledge of Bolt of Fire by Vehumet.
 24241 | Orc:2    | Found an ancient bone altar of Kikubaaqudgha.
 24332 | Orc:2    | Found a roughly hewn altar of Beogh.
 24340 | Orc:2    | Found Qewam's Antique Armour Shop.
 24343 | Orc:2    | Found Hoixzu's Magic Scroll Boutique.
 24383 | Orc:2    | Bought a scroll of identify for 30 gold pieces
 24505 | Orc:2    | Noticed an orc warlord
 24514 | Orc:2    | Killed an orc warlord
 24613 | Orc:2    | Found a roughly hewn altar of Beogh.
 26095 | D:14     | Noticed Agnes
 26611 | D:14     | Killed Agnes
 26957 | Orc:2    | Learned a level 6 spell: Bolt of Fire
 27777 | D:14     | Reached skill level 5 in Fire Magic
 27779 | D:14     | Reached XP level 16. HP: 100/100 MP: 5/36
 27873 | D:14     | Offered knowledge of Poison Arrow by Vehumet.
 28129 | D:14     | Found an ornate altar of the Wu Jian Council.
 28788 | D:14     | Reached ****** piety under Vehumet
 28851 | D:14     | Found a gate to the Vaults.
 28896 | D:15     | Entered Level 15 of the Dungeon
 29035 | D:15     | Shot with a bolt by a yaktaur

Vault maps used:
D:1:      dpeg_arrival_court
D:2:      chequers_temple_overflow_statue_of_worship, grunt_ministairs_4,
          uniq_crazy_yiuf_cottage
D:3:      first_bread, uniq_grinder
D:4:      old_standard_altar, grunt_ministairs_11, uniq_sigmund, uniq_menkaure,
          uniq_natasha
D:5:      minmay_opposing_rooms
D:6:      chequers_temple_overflow_minitemple, minmay_temple_entry_purple_smoke,
          uniq_pikel
D:7:      minmay_guarded_unrand_staff_of_olgreb
D:8:      erik_lair_island, grunt_ogre_cave
D:9:      led_sif_pool, serial_shops, nicolae_shop_competitors_out_of_business,
          serial_bayou_pond_d
D:10:     basic_altar, fedhas_altar_1, uniq_grum, uniq_sonja
D:11:     uniq_psyche
D:12:     kennysheep_orc_monster_closet_entryway, serial_shops,
          nicolae_shop_overgrown_old_shop
D:14:     hangedman_vaults_entry_quadrant_bands, minmay_ruined_shrine,
          uniq_agnes
D:15:     gammafunk_enter_depths_forms, special_room
Temple:   regret_index_temple_waves
Lair:1:   uniq_prince_ribbit2, uniq_nergalle, uniq_joseph
Lair:2:   elwin_shoals_entry_stream, dummy_snake_entry,
          infiniplex_staircase_pool, grunt_megastairs_3
Lair:3:   mu_elephants_graveyard
Lair:4:   beast_lair_carwin_4, grunt_megastairs_4
Lair:5:   slime_altar_1
Lair:6:   gammafunk_lair_ancient_temple, portal_ice_cave_rime, uniq_snorg,
          uniq_nessos
Orc:2:    kennysheep_orc_mage_school, serial_shops, shop, basic_altar,
          lab_entry_generic, roderic_batcave
Lab:      labyrinth_mini_lab
IceCv:    ice_cave_small_necro

Skill      XL: |  1  2  3  4  5  6  7  8  9 10 11 12 13 14 15 16 |
---------------+-------------------------------------------------+-----
Dodging        | 3 4 5 7 9 10 11 13 | 13.1
Stealth        | 3 4 5 6 |  6.3
Spellcasting   | 4 5 6 7 9 10 11 13 14 | 14.2
Fighting       | 1 2 3 4 5 6 7 8 9 10 11 | 11.8
Conjurations   | 5 6 7 8 10 12 13 | 13.4
Hexes          | 1 3 5 6 8 9 12 14 | 14.0
Evocations     | 3 4 |  4.0
Charms         | 3 7 8 9 |  9.4
Necromancy     | 2 |  2.4
Summonings     | 1 |  1.8
Poison Magic   | 3 |  3.1
Fire Magic     | 2 4 5 |  5.8
Translocations | 2 |  2.1
Shields        | 1 4 |  4.0
Ice Magic      | 4 6 |  6.0

Action                   |  1- 3 |  4- 6 |  7- 9 | 10-12 | 13-15 | 16-18 || total
-------------------------+-------+-------+-------+-------+-------+-------++-------
Melee: Unarmed           |     3 |       |       |       |       |       ||     3
       Whip              |       |     2 |       |       |       |       ||     2
       Dagger            |       |       |     9 |       |       |       ||     9
       Kick              |       |       |     4 |       |     1 |     1 ||     6
       Staff             |       |       |       |     3 |     4 |     1 ||     8
       Headbutt          |       |       |       |     1 |     1 |       ||     2
 Cast: Magic Dart        |    70 |    83 |   144 |   350 |   162 |       ||   809
       Searing Ray       |     1 |     6 |    24 |    52 |    22 |       ||   105
       Dazzling Spray    |       |     8 |     4 |    91 |    90 |     5 ||   198
       Fulminant Prism   |       |       |    30 |    86 |   133 |    23 ||   272
       Iskenderun's Myst |       |       |       |    23 |       |       ||    23
       Shroud of Golubri |       |       |       |    21 |    21 |     1 ||    43
       Summon Guardian G |       |       |       |     7 |       |       ||     7
       Fireball          |       |       |       |    31 |    90 |     2 ||   123
       Regeneration      |       |       |       |    11 |    31 |     3 ||    45
       Force Lance       |       |       |       |    28 |   130 |     7 ||   165
       Call Canine Famil |       |       |       |     3 |       |       ||     3
       Ensorcelled Hiber |       |       |       |     7 |     2 |       ||     9
       Ignite Poison     |       |       |       |     5 |    37 |     2 ||    44
       Throw Frost       |       |       |       |       |   415 |    24 ||   439
       Metabolic Englaci |       |       |       |       |    45 |     2 ||    47
       Bolt of Cold      |       |       |       |       |    26 |       ||    26
       Bolt of Fire      |       |       |       |       |     9 |    12 ||    21
Evoke: Staff of Olgreb   |       |       |       |     7 |    55 |     2 ||    64
       Wand              |       |       |       |     7 |     6 |       ||    13
  Use: Scroll            |       |     3 |     9 |    16 |    24 |     3 ||    55
       Potion            |       |     1 |     8 |     1 |    10 |       ||    20
  Eat: Chunk             |     1 |     6 |    13 |    27 |    27 |     3 ||    77
       Fruit             |       |       |       |     6 |     7 |     6 ||    19
       Bread ration      |       |       |       |     1 |     6 |       ||     7
       Royal jelly       |       |       |       |     1 |     1 |       ||     2
       Meat ration       |       |       |       |       |     1 |       ||     1
Armor: Robe              |    19 |     5 |    18 |    39 |    64 |     6 ||   151
       Skin              |       |       |     7 |       |     1 |       ||     8
Dodge: Dodged            |    46 |    17 |    50 |   260 |   300 |    22 ||   695
Block: Buckler           |       |       |       |    26 |    84 |     3 ||   113
